 Dungeon Crawl Stone Soup version 0.19-a0-683-g5f2401d (webtiles) character file.

52 Skanax the Ruffian (level 3, -4/28 HPs)
             Began as a Draconian Transmuter on June 17, 2016.
             Killed from afar by Natasha (8 damage)
             ... with a magic dart
             ... on level 2 of the Dungeon.
             The game lasted 00:07:28 (1467 turns).

Skanax the Ruffian (Draconian Transmuter)           Turns: 1467, Time: 00:07:29

Health: -4/28      AC:  7    Str: 11 (12) XL:     3   Next: 60%
Magic:  1/6        EV: 12    Int: 14      God:
Gold:   43         SH:  0    Dex:  8 (11) Spells: 3 memorised, 0 levels left

rFire  . . .     SeeInvis .     d - +1 dagger (curse)
rCold  . . .     Gourm    .     (armour unavailable)
rNeg   . . .     Faith    .     (no shield)
rPois  +         Spirit   .     (helmet restricted)
rElec  .         Dismiss  .     (no cloak)
rCorr  .         Reflect  .     (no gloves)
SustAt .         Harm     .     g - +1 pair of boots
MR     .....                    (no amulet)
Stlth  +.........               (no ring)
                                (no ring)

@: not resistant to hostile enchantments, very unstealthy
A: unfitting armour, poison resistance, cold-blooded, AC +5
a: no special abilities


You were on level 2 of the Dungeon.
You were not hungry.

You visited 1 branch of the dungeon, and saw 2 of its levels.

You collected 43 gold pieces.

Inventory:

Hand Weapons
 d - a cursed +1 dagger (weapon)
 e - a +0 dagger of protection
Missiles
 a - 30 arrows
Armour
 g - a +1 pair of boots (worn)
Potions
 j - a potion of degeneration
 k - a potion of cancellation {unknown}
Books
 b - a book of Changes

   Spells                             Type                      Level
   a - Beastly Appendage              Transmutation                1
   b - Sticks to Snakes               Transmutation                2
   c - Spider Form                    Transmutation/Poison         3
   d - Ice Form                       Ice/Transmutation            4
   e - Blade Hands                    Transmutation                5
Comestibles
 c - 2 bread rations
 f - a meat ration
 i - a slice of pizza
 l - a beef jerky


   Skills:
 + Level 1.1 Fighting
 - Level 0.2 Short Blades
 + Level 2.2 Dodging
 + Level 3.6 Unarmed Combat
 + Level 2.4 Spellcasting
 * Level 2.4 Transmutations


You couldn't memorise any spells.
You knew the following spells:

 Your Spells              Type           Power        Failure   Level  Hunger
a - Beastly Appendage     Tmut           #.....       10%         1    #......
b - Spider Form           Tmut/Pois      #.........   47%         3    ###....
c - Sticks to Snakes      Tmut           #.......     14%         2    ###....


Dungeon Overview and Level Annotations

Branches:
Dungeon (2/15)

Altars:

Annotations:
D:2 Natasha


Innate Abilities, Weirdness & Mutations

Your plain brown scales are hard. (AC +5)
Your body does not fit into most forms of armour.
You are cold-blooded and may be slowed by cold attacks.
Your system is resistant to poisons. (rPois)


Message History

You create a snake!
You now have 30 arrows.
The shadow imp disappears in a puff of smoke!
The kobold hits you but does no damage. The shadow imp closely misses you.
Natasha mumbles some strange words.
The shadow imp hits you but does no damage.
The kobold hits you with a dagger of holy wrath.
* * * LOW HITPOINT WARNING * * *
Natasha howls an incantation.
Natasha glows brightly for a moment.
Your ball python bites the shadow imp.
Your ball python barely misses the shadow imp.
Natasha claws your ball python. The shadow imp gestures at you.
Your ball python convulses in agony!
Your ball python dies!
Your magical contamination has completely faded away.
The crimson imp blinks!
Natasha casts a spell at you. The magic dart hits you!
You die...

############# #....K......#
#.#########.# ##########
#.#########.#
#.......(#######.#.......#K#
#...†............#.......#.#
#...........K...........<#.#
#........55.h............#.#
#........#####@.....######.# .
#........# #......# #.'...
#.....)..# #..÷...########...
##################.......5..††...
.................................
#################...5###########.
... .........(..... . ###
#######....#### .. #....#


You could see an iron imp, Natasha, a crimson imp, a shadow imp and a kobold.

Vanquished Creatures
  2 adders (D:2)
  A giant gecko (D:2)
  4 bats
  10 goblins
  4 hobgoblins (D:1)
  A giant newt (D:1)
  5 kobolds
  6 rats
33 creatures vanquished.

Notes
Turn   | Place    | Note
--------------------------------------------------------------
     0 | D:1      | Skanax the Draconian Transmuter began the quest for the Orb.
     0 | D:1      | Reached XP level 1. HP: 16/16 MP: 3/3
     2 | D:1      | Gained mutation: Your system is resistant to poisons. (rPois) [potion of beneficial mutation]
   262 | D:1      | Reached XP level 2. HP: 12/23 MP: 3/5
   987 | D:2      | Reached XP level 3. HP: 25/28 MP: 4/6
   995 | D:2      | Learned a level 3 spell: Spider Form
   998 | D:2      | Learned a level 2 spell: Sticks to Snakes
  1376 | D:2      | Noticed Natasha
  1467 | D:2      | Killed from afar by Natasha

Vault maps used:
D:1:      dpeg_arrival_subterranean_lakeside_camping, minmay_tree_intersection,
          minmay_misc_feat_enclosed, st_stairs_7
D:2:      nicolae_overflow_crystal_walls, first_bread, uniq_natasha

Skill      XL: |  1 |
---------------+----+-----
Dodging        | 2 |  2.2
Fighting       | |  1.1
Short Blades   | |  0.2
Unarmed Combat | |  3.6
Spellcasting   | |  2.4
Transmutations | |  2.4

Action                   || total
-------------------------++-------
Melee: Dagger            ||   108
       Unarmed           ||     6
       Tailslap          ||     8
       Headbutt          ||     6
       Punch             ||     1
 Cast: Beastly Appendage ||    22
       Sticks to Snakes  ||     5
  Use: Scroll            ||     4
       Potion            ||     4
  Eat: Chunk             ||     3
Armor: Skin              ||    52
Dodge: Dodged            ||    74
